Map: Acid Plant LE

Players

Neeb

  • Race: Protoss Protoss
  • Spawn Location: 5:00

Serral - Winner!

  • Race: Zerg Zerg
  • Spawn Location: 11:00

Event: IEM Season 12 - Katowice

VOD

Have the link to the VOD?

Description

Time

  • Played on: March 2, 2018, 8:09 a.m.
  • Length: 15:01

All games in this series

Show
View Real Time Build Order
Export as new Build Order

Neeb Protoss 

Build Orders: 1 Gate Expand, Oracle Opening, Phoenix Opening, Archon Immortal 

Get SALT Encoding   

  12  0:00  Probe  
  13  0:12  Probe  
  14  0:17  Pylon  
  14  0:24  Probe  
  15  0:30  Assimilator  
  15  0:37  Probe (Chrono Boost)  
  16  0:43  Gateway  
  16  0:48  Probe (Chrono Boost)  
  17  0:54  Probe (Chrono Boost)  
  18  1:03  Probe  
  19  1:15  Probe  
  20  1:24  Nexus  
  20  1:34  Cybernetics Core  
  20  1:37  Probe  
  21  1:42  Assimilator  
  21  1:49  Probe  
  21  1:51  Pylon  
  22  2:01  Probe  
  23  2:10  Adept (Chrono Boost)  
  23  2:13  Probe  
  23  2:14  Warp Gate  
  26  2:22  Stargate  
  26  2:25  Probe  
  26  2:29  Adept (Chrono Boost)  
  27  2:36  Probe  
  30  2:37  Probe  
  31  2:48  Probe  
  31  2:49  Adept (Chrono Boost), Probe  
  35  3:00  Probe  
  35  3:01  Probe  
  35  3:03  Oracle (Chrono Boost)  
  37  3:12  Probe, Gateway  
  41  3:13  Probe  
  42  3:24  Probe, Gateway  
  42  3:26  Probe  
  44  3:29  Pylon  
  44  3:38  Probe  
  45  3:43  Probe  
  45  3:46  Phoenix (Chrono Boost)  
  48  3:50  Probe, Pylon  
  49  3:55  Probe  
  49  4:02  Probe  
  51  4:03  Oracle  
  51  4:07  Pylon  
  51  4:08  Probe, Pylon  
  55  4:14  Probe  
  56  4:17  Assimilator  
  56  4:20  Assimilator  
  56  4:23  Adept x3  
  62  4:25  Probe  
  62  4:28  Probe  
  62  4:31  Pylon  
  65  4:40  Probe  
  66  4:49  Nexus  
  66  4:51  Adept  
  66  4:52  Adept x2  
  71  4:57  Probe, Pylon  
  71  4:59  Probe  
  73  5:05  Robotics Facility  
  73  5:09  Probe  
  73  5:13  Probe  
  71  5:22  Probe  
  71  5:25  Probe  
  73  5:30  Twilight Council  
  73  5:34  Probe  
  74  5:38  Probe  
  74  5:40  Sentry x3  
  74  5:42  Forge  
  79  5:46  Probe  
  79  5:49  Immortal (Chrono Boost)  
  76  5:50  Probe  
  75  5:58  Probe  
  75  6:02  Probe x2  
  76  6:04  Stalker x2  
  76  6:05  Zealot  
  76  6:07  Charge  
  76  6:10  Probe  
  83  6:11  Robotics Bay  
  83  6:14  Probe, Assimilator  
  83  6:15  Probe  
  83  6:16  Protoss Ground Weapons Level 1 (Chrono Boost)  
  85  6:18  Assimilator  
  85  6:22  Probe  
  85  6:25  Observer (Chrono Boost)  
  87  6:26  Probe  
  87  6:27  Probe  
  87  6:31  Pylon  
  89  6:33  Pylon  
  89  6:34  Probe  
  89  6:37  Immortal (Chrono Boost)  
  89  6:38  Probe  
  89  6:39  Probe  
  94  6:46  Probe  
  95  6:50  Probe  
  95  6:51  Probe  
  97  6:56  Gateway  
  97  6:58  Probe, Gateway  
  97  7:00  Gateway  
  98  7:05  Pylon, Twilight Council  
  98  7:08  Colossus (Chrono Boost)  
  98  7:11  Pylon  
  98  7:13  Shield Battery  
  98  7:14  Pylon  
  104  7:17  Pylon  
  104  7:21  Pylon  
  104  7:24  Gateway  
  104  7:27  Gateway  
  104  7:33  Extended Thermal Lance  
  104  7:34  Probe, Robotics Facility  
  104  7:35  Probe  
  106  7:38  Probe  
  107  7:47  Colossus (Chrono Boost)  
  107  7:51  Zealot x4  
  121  7:53  Protoss Ground Weapons Level 2, Templar Archives  
  121  8:05  Nexus  
  121  8:10  Pylon  
  121  8:11  Pylon  
  121  8:17  Pylon  
  121  8:20  Zealot x4  
  121  8:25  Zealot x2  
  133  8:29  Immortal (Chrono Boost)  
  137  8:35  Immortal (Chrono Boost)  
  141  8:42  Probe  
  141  8:45  Probe x2  
  141  8:46  High Templar x2  
  141  8:47  High Templar x2  
  141  8:48  Zealot x2  
  156  8:53  Archon x2  
  156  8:58  Photon Cannon  
  156  8:59  Photon Cannon  
  156  9:01  Photon Cannon  
  156  9:05  Assimilator  
  156  9:10  Assimilator  
  156  9:11  High Templar x2  
  156  9:12  Zealot x2  
  156  9:16  Immortal  
  168  9:18  Archon  
  168  9:22  Immortal  
  164  9:34  Zealot x6  
  164  9:35  Probe x2  
  160  9:47  Zealot x2  
  160  9:48  Probe x2  
  149  9:52  Probe  
  149  9:55  Immortal (Chrono Boost)  
  141  10:06  Sentry, High Templar x4  
  125  10:07  Immortal (Chrono Boost)  
  125  10:08  Zealot x3  
  125  10:10  Archon  
  125  10:11  Archon, Protoss Ground Weapons Level 3 (Chrono Boost)  
  127  10:23  Probe x2  
  127  10:24  Probe  
  127  10:26  Probe  
  131  10:29  Immortal (Chrono Boost)  
  131  10:31  Zealot x4  
  143  10:38  Immortal (Chrono Boost)  
  143  10:42  Zealot x4  
  155  10:51  Photon Cannon  
  154  10:57  Zealot x3  
  154  11:00  Zealot  
  154  11:04  Immortal (Chrono Boost)  
  158  11:08  Zealot x4  
  163  11:13  Immortal (Chrono Boost)  
  167  11:23  High Templar x2  
  167  11:24  High Templar x2  
  174  11:30  Archon  
  174  11:32  Nexus  
  168  11:36  Immortal  
  168  11:37  Pylon, High Templar x4  
  168  11:39  Archon  
  180  11:40  Photon Cannon  
  180  11:41  Photon Cannon  
  180  11:42  Gateway  
  180  11:45  Gateway  
  180  11:46  Archon  
  180  11:47  Archon  
  180  11:51  Pylon, Immortal  
  178  12:14  Zealot x8  
  178  12:15  Immortal (Chrono Boost)  
  198  12:24  Protoss Shields Level 1 (Chrono Boost)  
  198  12:29  Immortal (Chrono Boost)  
  166  12:34  Zealot x5  
  138  12:41  High Templar x3  
  119  12:48  Archon  
  119  12:52  Immortal (Chrono Boost)  
  119  12:55  Sentry x2, High Templar  
  119  12:56  Zealot, Sentry  
  119  12:58  Immortal (Chrono Boost)  
  133  13:00  Archon  
  133  13:02  High Templar x2  
  141  13:07  Archon  
  139  13:14  Zealot x3  
  139  13:19  Observer (Chrono Boost)  
  145  13:25  Assimilator  
  145  13:26  Zealot, High Templar x2  
  145  13:27  Zealot  
  151  13:30  Assimilator  
  151  13:32  Immortal (Chrono Boost), Archon  
  155  13:39  Nexus  
  155  13:41  Pylon  
  159  13:46  Zealot x6  
  153  14:02  Nexus  
  151  14:09  High Templar x4  
  157  14:21  Pylon  
  162  14:32  Zealot x3, High Templar  
  162  14:42  Probe  
  162  14:44  Zealot  
  162  14:45  Zealot x2, Archon  
  152  14:46  Probe, Archon  
  152  14:52  Zealot  
  133  14:58  Zealot  
  133  14:59  Zealot  
Show
View Real Time Build Order
Export as new Build Order

Serral Zerg - Winner!

Build Orders: Hatch First, Lurkers 

Get SALT Encoding   

  12  0:00  Drone  
  13  0:12  Overlord  
  13  0:16  Drone  
  14  0:30  Drone  
  14  0:31  Drone  
  14  0:35  Drone  
  17  0:51  Hatchery  
  17  0:55  Drone  
  17  0:57  Drone  
  18  1:09  Extractor  
  17  1:12  Spawning Pool  
  17  1:15  Drone  
  17  1:19  Drone  
  18  1:28  Drone  
  19  1:38  Overlord  
  19  1:50  Drone  
  20  1:58  Queen  
  20  2:00  Zergling x2  
  23  2:03  Queen  
  23  2:04  Zergling x2  
  23  2:08  Metabolic Boost  
  26  2:11  Drone  
  26  2:14  Drone  
  29  2:22  Drone  
  29  2:24  Drone  
  30  2:37  Hatchery  
  30  2:41  Zergling x2  
  30  2:44  Queen  
  30  2:49  Overlord  
  32  2:57  Zergling x4  
  34  2:59  Drone x2  
  36  3:09  Drone x2  
  36  3:10  Zergling x2  
  39  3:13  Drone  
  39  3:14  Drone  
  39  3:19  Drone x2  
  43  3:29  Drone  
  43  3:30  Spore Crawler  
  43  3:33  Drone  
  44  3:36  Spore Crawler  
  44  3:37  Overlord  
  43  3:42  Drone  
  44  3:48  Queen  
  44  3:49  Drone  
  44  3:50  Drone x3  
  49  3:56  Overlord  
  49  4:02  Drone x5  
  54  4:09  Evolution Chamber, Spore Crawler  
  51  4:10  Drone x2  
  51  4:15  Queen  
  55  4:18  Overlord  
  55  4:20  Drone  
  55  4:24  Drone  
  57  4:26  Overlord  
  57  4:30  Overlord  
  57  4:35  Zerg Melee Weapons Level 1  
  57  4:37  Zergling x8  
  60  4:42  Zergling x6  
  63  4:46  Zergling x6  
  63  4:47  Zergling x2  
  63  4:50  Drone  
  68  4:54  Drone  
  68  4:58  Drone x3  
  68  4:59  Overlord  
  72  5:05  Lair  
  72  5:06  Drone  
  73  5:10  Zergling x4  
  67  5:16  Zergling x2  
  67  5:19  Zergling x4  
  67  5:20  Drone  
  67  5:21  Drone x2  
  71  5:26  Zergling x6  
  72  5:29  Zergling x2  
  72  5:30  Zergling x2  
  70  5:35  Zergling x2  
  70  5:36  Zergling x6  
  70  5:38  Drone  
  73  5:47  Drone  
  73  5:48  Drone  
  72  5:50  Drone, Extractor x2  
  72  5:55  Drone x3  
  72  5:56  Drone  
  72  5:57  Drone  
  72  5:59  Extractor  
  72  6:01  Drone  
  72  6:06  Hydralisk Den  
  72  6:07  Drone  
  72  6:09  Drone  
  73  6:12  Extractor  
  73  6:13  Drone  
  73  6:19  Overlord  
  73  6:24  Overlord  
  73  6:25  Overlord  
  73  6:26  Overlord  
  73  6:29  Zerg Missile Weapons Level 1  
  73  6:34  Overlord  
  73  6:39  Drone x2, Grooved Spines  
  75  6:41  Drone x2  
  75  6:43  Drone x2  
  75  6:44  Hatchery  
  75  6:46  Drone x2  
  80  6:49  Drone x4  
  80  6:52  Hydralisk x2  
  80  6:53  Hydralisk x3  
  94  6:56  Hydralisk  
  94  6:57  Extractor  
  95  7:01  Hydralisk  
  97  7:08  Overlord  
  97  7:09  Drone x3  
  97  7:10  Overlord  
  97  7:13  Hydralisk  
  102  7:19  Drone, Overlord  
  103  7:24  Lurker Den  
  103  7:26  Hydralisk x3  
  103  7:29  Overseer  
  107  7:30  Overlord  
  107  7:41  Hydralisk x4  
  115  7:48  Roach Warren  
  115  7:49  Pneumatized Carapace  
  114  7:52  Overlord  
  114  7:53  Overlord  
  114  7:54  Drone x7  
  114  7:55  Drone  
  122  7:58  Drone x2  
  122  8:03  Overlord  
  124  8:09  Extractor, Hydralisk x2  
  124  8:10  Extractor  
  124  8:12  Muscular Augments  
  126  8:16  Overlord  
  126  8:18  Hydralisk x4  
  134  8:23  Hydralisk x2  
  137  8:30  Glial Reconstitution  
  137  8:32  Roach x4  
  144  8:40  Zerg Missile Weapons Level 2  
  141  8:42  Overlord  
  141  8:43  Roach x3, Zergling x4  
  141  8:44  Zergling x2  
  150  8:50  Roach  
  150  8:51  Roach x3, Zergling x2  
  150  8:53  Ravager  
  150  8:54  Overlord  
  159  8:56  Overlord  
  159  8:58  Roach  
  159  8:59  Roach  
  163  9:04  Roach x3, Hydralisk  
  169  9:12  Roach x3  
  169  9:15  Lurker x3  
  179  9:24  Lurker  
  179  9:27  Roach x5  
  177  9:33  Roach x9  
  176  9:42  Roach x5  
  170  9:51  Roach x7  
  166  9:54  Roach  
  166  9:55  Zergling x2  
  137  10:02  Hydralisk x3  
  125  10:08  Drone x4  
  125  10:13  Lurker x2  
  125  10:14  Lurker  
  132  10:17  Drone x4  
  132  10:19  Overseer  
  136  10:23  Drone x2  
  136  10:24  Drone  
  136  10:27  Hydralisk  
  141  10:34  Hydralisk x3  
  147  10:38  Roach x2  
  147  10:39  Zergling x2  
  138  10:50  Hydralisk x5  
  137  10:58  Hydralisk x3  
  143  11:07  Hydralisk x5  
  151  11:13  Lurker x2  
  151  11:14  Lurker  
  151  11:15  Hydralisk x2  
  158  11:21  Roach x3  
  164  11:27  Roach  
  164  11:28  Roach x3  
  164  11:31  Roach  
  164  11:32  Roach x2  
  162  11:41  Lurker  
  162  11:42  Lurker  
  162  11:45  Roach x5  
  174  11:51  Roach x5  
  184  12:07  Hydralisk x2  
  184  12:08  Hydralisk x2  
  188  12:16  Hydralisk x2  
  188  12:17  Roach x2  
  196  12:23  Hatchery  
  196  12:29  Hydralisk x6  
  162  12:31  Roach  
  162  12:34  Roach  
  141  12:37  Roach  
  141  12:40  Hydralisk  
  138  12:48  Lurker x3  
  139  13:00  Hydralisk x3  
  139  13:01  Roach x5  
  151  13:07  Roach x3  
  157  13:15  Roach, Lurker x2  
  157  13:16  Roach x2  
  165  13:21  Roach  
  165  13:22  Roach x2  
  171  13:31  Roach x4  
  179  13:40  Drone x2  
  181  13:42  Drone x2  
  181  13:44  Drone  
  184  13:52  Hydralisk x4  
  184  13:53  Roach x4  
  186  14:01  Hydralisk x2  
  186  14:02  Roach x2  
  184  14:10  Hydralisk x3  
  184  14:12  Roach  
  184  14:15  Overlord  
  192  14:25  Lurker x4  
  196  14:31  Hydralisk  

Tags
 
Add a new tag
Caveats
  • Supply blocks, unpowered buildings, or Contaminate may cause inaccurate times.
  • Supply counts are checked every 10 seconds.